 Dungeon Crawl Stone Soup version 0.19-a0-570-g8ae9a92 (webtiles) character file.

28 TheGoonsmith the Shield-Bearer (level 3, 0/29 HPs)
             Began as a Formicid Fighter on June 8, 2016.
             Succumbed to an adder's poison
             ... on level 2 of the Dungeon.
             The game lasted 00:01:04 (841 turns).

TheGoonsmith the Shield-Bearer (Formicid Fighter)    Turns: 841, Time: 00:01:04

Health: 0/29       AC:  6    Str: 25    XL:     3   Next: 27%
Magic:  3/3        EV:  8    Int: 12    God:
Gold:   85         SH: 10    Dex: 11    Spells: 0 memorised, 2 levels left

rFire  . . .     SeeInvis +     a - +0 war axe
rCold  . . .     Gourm    .     b - +0 scale mail
rNeg   . . .     Faith    .     c - +0 shield
rPois  .         Spirit   .     (helmet unavailable)
rElec  .         Dismiss  .     (no cloak)
rCorr  .         Reflect  .     (no gloves)
SustAt .         Harm     .     (no boots)
MR     .....                    (no amulet)
Stlth  ..........               (no ring)
                                (no ring)

@: mighty, brilliant, lethally poisoned (0 -> -10), not resistant to hostile
enchantments, extremely unstealthy
A: permanent stasis, dig shafts and tunnels, four strong arms, antennae 3
a: Dig, Shaft Self


You were on level 2 of the Dungeon.
You were not hungry.

You visited 1 branch of the dungeon, and saw 2 of its levels.

You collected 85 gold pieces.

Inventory:

Hand Weapons
 a - a +0 war axe (weapon)
Armour
 b - a +0 scale mail (worn)
 c - a +0 shield (worn)
Scrolls
 e - a scroll of identify {unknown}
 g - a scroll of recharging {unknown}
 i - a scroll of enchant armour {unknown}
Comestibles
 f - 2 bread rations
 h - 2 meat rations
 k - a chunk of flesh


   Skills:
 - Level 3.2 Fighting
 * Level 3.0 Axes
 - Level 3.2 Armour
 + Level 4.2 Shields


You had 2 spell levels left.
You didn't know any spells.

Dungeon Overview and Level Annotations

Branches:
Dungeon (2/15)

Altars:


Innate Abilities, Weirdness & Mutations

You are under a permanent stasis effect.
You can dig through walls and to a lower floor.
Your four strong arms can wield two-handed weapons with a shield.
You have a pair of large antennae on your head. (SInv)


Message History

You feel sick. The adder bites you but does no damage.
The adder barely misses you. The kobold hits you.
* * * LOW HITPOINT WARNING * * *
It was a potion of brilliance.
You feel clever all of a sudden.
* * * LOW HITPOINT WARNING * * *
You feel sick. The adder bites you but does no damage.
The kobold hits you but does no damage.
You feel very mighty all of a sudden.
* * * LOW HITPOINT WARNING * * *
You feel sick. You block the adder's attack. The kobold hits you.
* * * LOW HITPOINT WARNING * * *
The adder bites you but does no damage.
You miss the adder. You closely miss the kobold.
* * * LOW HITPOINT WARNING * * *
You feel sick. The adder bites you but does no damage.
The kobold closely misses you.
You barely miss the adder. You slash the kobold!
You kill the kobold!
You die...

.....#...... ..
........... ...
..........###...
..............?.
................
.............PPP
............P...
.......<@S..P...
####......P.P.#.
#.........##
.............#
###.....#...PP.
.........P....
........#...P..
.............#.


You could see an adder.

Vanquished Creatures
  An ooze (D:1)
  A dart slug (D:1)
  A giant cockroach (D:1)
  2 goblins (D:1)
  3 hobgoblins (D:1)
  3 jackals (D:1)
  3 kobolds
  2 giant newts (D:1)
  5 rats
21 creatures vanquished.

Notes
Turn   | Place    | Note
--------------------------------------------------------------
     0 | D:1      | TheGoonsmith the Formicid Fighter began the quest for the Orb.
     0 | D:1      | Reached XP level 1. HP: 18/18 MP: 1/1
    41 | D:1      | Noticed a troll
    75 | D:1      | Reached XP level 2. HP: 20/24 MP: 2/2
   355 | D:1      | Reached skill level 4 in Shields
   411 | D:1      | Reached XP level 3. HP: 29/29 MP: 3/3
   840 | D:2      | HP: 1/29 [poisoned by an adder]
   841 | D:2      | Succumbed to an adder's poison

Vault maps used:
D:1:      erik_arrival_cave_to_civilisation, hangedman_decor_push
D:2:      grunt_qazlal_clouds, kiku_gazebo_garden_becter,
          makhleb_heckhound_becter, okawaru_metal_pillars_1_2

Skill      XL: |  1  2  3 |
---------------+----------+-----
Shields        | 4 |  4.2
Axes           | 3 |  3.0
Fighting       | |  3.2
Armour         | |  3.2

Action                   || total
-------------------------++-------
Melee: War axe           ||    64
  Use: Potion            ||     2
Armor: Scale mail        ||    32
Dodge: Dodged            ||    26
Block: Shield            ||    33
